 Dungeon Crawl Stone Soup version 0.30-a0-591-g3c58d2bc28 (webtiles) character file.

Game seed: 11894675115694613262

9972 Newt the Fighter (level 11, -3/86 HPs)
             Began as a Demonspawn Gladiator on Jan 5, 2023.
             Was a Follower of Kikubaaqudgha.
             Slain by a freezing wraith (4 damage)
             ... in an ice cave.
             The game lasted 00:12:42 (9019 turns).

Newt the Fighter (Demonspawn Gladiator)             Turns: 9019, Time: 00:12:43

Health: -3/86      AC: 15    Str: 18    XL:     11   Next: 30%
Magic:  18/20      EV: 14    Int: 11    God:    Kikubaaqudgha [*.....]
Gold:   420        SH:  5    Dex: 14    Spells: 15/22 levels left

rFire   x . .      SeeInvis .    H - +12 glaive of Prune {freeze}
rCold   + . .      Faith    .    (shield currently unavailable)
rNeg    . . .      Spirit   .    N - +0 steam dragon scales
rPois   .          Reflect  +    (helmet restricted)
rElec   .          Harm     .    K - scarf {repulsion}
rCorr   .          Rampage  .    (no gloves)
Will    .....      Clarity  +    (no boots)
Stlth   ++                       A - amulet of reflection
HPRegen 0.34/turn                g - ring of ice
MPRegen 0.34/turn                q - ring of wizardry

@: sanguine armoured, animating dead, repel missiles
A: hooves 2, demonic guardian 2, magic regeneration, sanguine armour 2, beak,
clarity
a: Renounce Religion, Unearth Wretches


You were in an ice cave.
You worshipped Kikubaaqudgha.
Kikubaaqudgha was aware of your devotion.
You visited 1 branch of the dungeon, and saw 10 of its levels.
You also visited: Sewer and Ice Cave.

You collected 446 gold pieces.
You spent 26 gold pieces at shops.

Inventory:

Hand Weapons
 a - a +0 rapier
 d - a +7 scythe of draining
 H - the +12 glaive of Prune (weapon) {freeze}
   (You found it in a sewer)

   It halves damage taken while paralysed, petrified or unconscious.
Missiles
 e - a javelin
 n - 25 poisoned darts
Armour
 b - a +1 leather armour
 c - a +0 helmet
 x - a +0 cloak
 y - a scarf of shadows
 K - a scarf of repulsion (worn)
 N - +0 steam dragon scales (worn)
 O - the +1 buckler of the Spider Nest {+Inv rF- rN+ Int+6}
   (You took it off a kobold on level 9 of the Dungeon)

   Int:       It affects your intelligence (+6).
   rF:        It makes you vulnerable to fire.
   rN:        It protects you from negative energy.
   +Inv:      It lets you turn invisible.
Jewellery
 f - a ring of wizardry
 g - a ring of ice (left hand)
 j - a ring of protection from fire
 q - a ring of wizardry (right hand)
 A - an amulet of reflection (around neck)
 J - a +6 ring of intelligence
 L - a ring of flight
Wands
 t - a wand of flame (6)
 v - a wand of quicksilver (10)
 B - a wand of digging (5)
 F - a wand of charming (4)
 Q - a wand of mindburst (10)
Scrolls
 s - 2 scrolls of teleportation
 z - 2 scrolls of silence
 G - a scroll of enchant weapon
 I - a scroll of enchant armour
 R - a scroll of noise
Potions
 h - a potion of might
 i - 2 potions of attraction
 k - 4 potions of mutation
 m - a potion of invisibility {unknown}
 o - a potion of flight {unknown}
 p - a potion of ambrosia {unknown}
 r - 2 potions of curing
 u - 2 potions of degeneration {unknown}
 w - a potion of cancellation {unknown}
 C - 4 potions of haste
 D - a potion of brilliance {unknown}
 E - a potion of resistance {unknown}
Miscellaneous
 M - a tin of tremorstones (2/2)


   Skills:
 - Level 8.0 Fighting
 - Level 2.6 Short Blades
 + Level 7.6 Polearms
 - Level 1.7 Throwing
 - Level 5.0 Armour
 - Level 6.0 Dodging
 - Level 2.0 Stealth
 - Level 6.0 Spellcasting
 - Level 4.0 Summonings
 - Level 6.0 Necromancy
 - Level 5.0 Evocations


You had 15 spell levels left.
You knew the following spells:

 Your Spells              Type           Power      Damage    Failure   Level
a - Call Canine Familiar  Summ           12%        N/A       4%          3
b - Animate Dead          Necr           16%        N/A       6%          4

Your spell library contained the following spells:

 Spells                   Type           Power      Damage    Failure   Level
 Necrotise                Necr           64%        1d7       1%          1
 Summon Small Mammal      Summ           48%        N/A       1%          1
 Sublimation of Blood     Necr           16%        N/A       1%          2
 Cigotuvi's Dreadful Rot  Necr/Pois/Air  14%        N/A       5%          2
 Summon Guardian Golem    Hex/Summ       7%         N/A       11%         3
 Petrify                  Tmut/Erth      3%         N/A       56%         4
 Irradiate                Conj/Tmut      1%         3d12      88%         5


Dungeon Overview and Level Annotations

Branches:
Dungeon (11/15)              Lair (0/5) D:9           Sewer (visited)
  IceCv (1/1)
 Temple: D:4-7          Orc: D:9-12

Altars:
Dithmenos
Gozag
Kikubaaqudgha
Nemelex Xobeh
Okawaru
Sif Muna
Trog
Uskayaw
Vehumet
Xom

Shops:
D:10 *

Annotations:
D:3 Natasha


Innate Abilities, Weirdness & Mutations

You have hoof-like feet.
A demonic guardian rushes to your aid.
You regenerate magic rapidly.
When seriously injured, your blood forms thick armour. (AC +9)
You have a beak for a mouth.
You possess an exceptional clarity of mind.


Message History

* * * LOW HITPOINT WARNING * * *
The freezing wraith freezes you! You resist.
* * * LOW HITPOINT WARNING * * *
The freezing wraith hits you but does no damage.
Your hound bites the polar bear simulacrum but does no damage.
Your ice devil closely misses the freezing wraith.
The polar bear simulacrum bites you but does no damage.
The polar bear simulacrum claws you but does no damage.
The polar bear simulacrum closely misses you.
Unknown command.
You feel much better.
Your hound bites the polar bear simulacrum but does no damage.
The freezing wraith misses you. The freezing wraith barely misses you.
Your ice devil hits the freezing wraith but does no damage.
Your hound bites the polar bear simulacrum but does no damage.
The polar bear simulacrum barely misses your hound.
The polar bear simulacrum claws your hound.
The polar bear simulacrum freezes your hound!
The polar bear simulacrum misses your hound.
You slice the freezing wraith!!
You kick the freezing wraith, but do no damage.
Your peck misses the freezing wraith.
The freezing wraith is severely damaged.
Your hound bites the polar bear simulacrum.
The freezing wraith hits you!
* * * LOW HITPOINT WARNING * * *
The freezing wraith freezes you! You resist.
* * * LOW HITPOINT WARNING * * *
The freezing wraith barely misses you.
Your ice devil hits the freezing wraith.
Your ice devil freezes the freezing wraith.
The freezing wraith completely resists.
Your hound bites the polar bear simulacrum.
The polar bear simulacrum bites you but does no damage.
The polar bear simulacrum claws you but does no damage. x2
The freezing wraith hits you.
* * * LOW HITPOINT WARNING * * *
The freezing wraith freezes you. You resist.
You die...
Kikubaaqudgha rasps: "You have failed me!
Welcome... death!"

#......[......#
#....8...8....#
#.............#
#...........#
#...........#
#....h......#
#...WZ....#
#..4@...#
##..∩..##
#######


You could see a freezing wraith (ally target), a polar bear simulacrum (ally
target), a friendly ice devil (summoned) and a friendly hound (summoned).

Vanquished Creatures
  3 two-headed ogres
  3 death yaks (D:9)
  2 rime drakes (D:11)
  4 kobold demonologists (D:10)
  Grinder (D:3)
  2 wraiths
  A wyvern (D:9)
  Sigmund (D:3)
  6 yaks
  2 steam dragons
  Menkaure (D:5)
  A hydra simulacrum (IceCv)
  4 ice beasts
  A black bear (D:5)
  A sky beast (D:6)
  3 ogres
  A centaur (D:10)
  A phantom (D:5)
  A kobold brigand (D:9)
  A bullfrog (Sewer)
  A necrophage (D:5)
  A cane toad simulacrum (IceCv)
  5 scorpions
  2 jellies (D:5)
  Crazy Yiuf (D:3)
  An orc priest (D:9)
  5 hounds
  Jessica (D:2)
  2 iguanas
  Natasha (twice) (D:3)
  2 orc wizards
  A hell rat (D:9)
  Robin (D:3)
  12 adders
  3 river rats (D:9)
  3 ufetubi
  2 worms
  A dart slug (D:3)
  7 orcs
  10 ball pythons
  8 bats
  10 endoplasms
  13 giant cockroaches
  13 goblins
  7 hobgoblins
  5 jackals
  17 quokkas
  9 frilled lizards
  14 kobolds
  15 rats
214 creatures vanquished.

Vanquished Creatures (collateral kills)
  3 yaks
  An ogre (D:4)
  An orc priest (D:4)
  A hound (D:4)
  A wolf simulacrum (IceCv)
  An adder (D:6)
  3 orcs (D:4)
  A ball python (Sewer)
  A frilled lizard (Sewer)
13 creatures vanquished.

Vanquished Creatures (others)
  A human (D:9)
  4 plants (D:6)
5 creatures vanquished.

Grand Total: 232 creatures vanquished

Notes
Turn   | Place    | Note
-------+----------+-------------------------------------------
     0 | D:1      | Newt the Demonspawn Gladiator began the quest for the Orb.
     0 | D:1      | Reached XP level 1. HP: 16/16 MP: 1/1
    48 | D:1      | Reached skill level 1 in Stealth
   205 | D:1      | Gained mutation: When seriously injured, your blood forms
                  | armour. (AC +9) [demonic ancestry]
   205 | D:1      | Reached XP level 2. HP: 19/22 MP: 2/2
   555 | D:1      | Found a shimmering blue altar of Sif Muna.
   624 | D:1      | Gained mutation: A weak demonic guardian rushes to your
                  | aid. [demonic ancestry]
   624 | D:1      | Reached XP level 3. HP: 28/28 MP: 3/3
  1074 | D:2      | Noticed Jessica
  1079 | D:2      | Killed Jessica
  1080 | D:2      | Reached skill level 3 in Fighting
  1282 | D:2      | Found a faded altar of an unknown god.
  1333 | D:2      | Found a shimmering altar of Xom.
  1372 | D:2      | Gained mutation: A demonic guardian rushes to your aid.
                  | [demonic ancestry]
  1372 | D:2      | Reached XP level 4. HP: 30/37 MP: 4/4
  1687 | D:3      | Noticed Robin
  1702 | D:3      | Reached skill level 4 in Fighting
  1717 | D:3      | Killed Robin
  1939 | D:3      | Noticed Natasha
  1961 | D:3      | Killed Natasha
  1962 | D:3      | Reached XP level 5. HP: 14/42 MP: 5/5
  1997 | D:3      | Noticed Natasha
  2077 | D:3      | Found a hide-covered altar of Uskayaw.
  2317 | D:3      | Noticed Sigmund
  2331 | D:3      | Killed Sigmund
  2332 | D:3      | Gained mutation: You regenerate magic rapidly. [demonic
                  | ancestry]
  2332 | D:3      | Reached XP level 6. HP: 44/48 MP: 6/6
  2466 | D:3      | Noticed Grinder
  2473 | D:3      | Paralysed by Grinder for 4 turns
  2480 | D:3      | Killed Grinder
  2537 | D:3      | Killed Natasha
  2538 | D:3      | Gained mutation: You have large cloven feet. [demonic
                  | ancestry]
  2538 | D:3      | Reached XP level 7. HP: 49/54 MP: 7/7
  2621 | D:3      | Noticed Natasha
  2697 | D:3      | Found a runed translucent door.
  2698 | D:3      | Noticed Crazy Yiuf
  2706 | D:3      | Gained mutation: You have a beak for a mouth. [potion of
                  | mutation]
  2706 | D:3      | Gained mutation: You possess an exceptional clarity of
                  | mind. [potion of mutation]
  2707 | D:3      | Killed Crazy Yiuf
  2965 | D:4      | Reached skill level 5 in Polearms
  3441 | D:5      | Entered Level 5 of the Dungeon
  3507 | D:5      | Gained mutation: When seriously injured, your blood forms
                  | thick armour. (AC +9) [demonic ancestry]
  3507 | D:5      | Reached XP level 8. HP: 56/60 MP: 8/8
  3738 | D:5      | Reached skill level 1 in Spellcasting
  3738 | D:5      | Reached skill level 1 in Summonings
  3801 | D:5      | Learned a level 3 spell: Call Canine Familiar
  3968 | D:5      | Noticed Menkaure
  3975 | D:5      | Killed Menkaure
  4259 | D:5      | Found an opulent altar of Gozag.
  4479 | D:5      | Found a bloodstained altar of Trog.
  4737 | D:6      | Reached skill level 1 in Evocations
  4838 | D:6      | Reached XP level 9. HP: 35/65 MP: 15/15
  4849 | D:6      | Found a radiant altar of Vehumet.
  4875 | D:6      | Found a glowing drain.
  4895 | D:6      | Found a sparkling altar of Nemelex Xobeh.
  4905 | Sewer    | Entered a sewer
  5275 | Sewer    | Found the +12 glaive of Prune {freeze}
  5440 | D:6      | Reached skill level 5 in Evocations
  5726 | D:6      | Found a shadowy altar of Dithmenos.
  5913 | D:6      | Reached skill level 5 in Fighting
  6174 | D:7      | You fall into a shaft and drop 2 floors!
  6258 | D:9      | Reached skill level 6 in Fighting
  6321 | D:9      | Noticed a two-headed ogre
  6336 | D:9      | Reached skill level 5 in Dodging
  6336 | D:9      | Killed a two-headed ogre
  6341 | D:9      | Gained mutation: You have hoof-like feet. [demonic
                  | ancestry]
  6341 | D:9      | Reached XP level 10. HP: 6/76 MP: 13/16
  6776 | D:9      | Found an ancient bone altar of Kikubaaqudgha.
  6783 | D:9      | Became a worshipper of Kikubaaqudgha
  6819 | D:9      | Noticed a death yak
  6820 | D:9      | Found a staircase to the Lair.
  6820 | D:9      | Noticed a death yak
  6820 | D:9      | Noticed a death yak
  6830 | D:9      | Killed a death yak
  7112 | D:9      | Killed a death yak
  7113 | D:9      | Reached skill level 5 in Armour
  7328 | D:9      | Killed a death yak
  7330 | D:9      | Reached skill level 5 in Necromancy
  7458 | D:9      | Identified the +1 buckler of the Spider Nest {+Inv rF- rN+
                  | Int+6}
  7749 | D:9      | Found an iron altar of Okawaru.
  7813 | D:10     | Entered Level 10 of the Dungeon
  7813 | D:10     | Noticed a two-headed ogre
  7818 | D:10     | Killed a two-headed ogre
  7824 | D:10     | Reached skill level 5 in Spellcasting
  7975 | D:10     | Noticed a two-headed ogre
  7982 | D:10     | Killed a two-headed ogre
  8144 | D:10     | Reached XP level 11. HP: 76/83 MP: 20/20
  8152 | D:10     | Reached skill level 7 in Fighting
  8616 | D:10     | Found Tidoa's Assorted Antiques.
  8626 | D:10     | Bought a scroll labelled HUK HESKOIKHLA for 26 gold pieces
  8761 | D:10     | Reached * piety under Kikubaaqudgha
  8761 | D:10     | Received a gift from Kikubaaqudgha
  8857 | D:10     | Learned a level 4 spell: Animate Dead
  8871 | D:11     | Reached skill level 8 in Fighting
  8965 | D:11     | Found a frozen archway.
  9007 | IceCv    | Entered an ice cave
  9019 | IceCv    | HP: 4/86 [freezing wraith (10)]
  9019 | IceCv    | HP: 1/86 [freezing wraith (3)]
  9019 | IceCv    | Slain by a freezing wraith

Illustrated notes

Levels and vault maps discovered:
D:1:      onia_arrival_handbag, layout_loops_corners, dreamdust_princess_bridge,
          minmay_hexomino_r4
D:2:      layout_loops_ring, basic_altar, ebering_ecumenical_altar_rust,
          dreamdust_princess_corridor, uniq_jessica
D:3:      layout_loops_cross, lemuel_tele_altar, uniq_crazy_yiuf_cottage,
          uniq_sigmund, uniq_robin, uniq_natasha, uniq_grinder
D:4:      layout_rooms
D:5:      layout_basic, grunt_gozag_breadcrumbs, lightli_temple_of_fire,
          uniq_menkaure
D:6:      layout_loops_cross, nicolae_elyvilon_temple_path,
          lemuel_crystal_altar, kennysheep_mini_moat,
          nicolae_vehumet_altar_sigil, gup_sewer_entry_glass, nicolae_titane
D:7:      layout_loops_corners, nicolae_qazlal_eye_of_the_storm, minitemple,
          minmay_temple_entry_crystal_x, abandoned_shop,
          hellmonk_guarded_unrand_lears, uniq_pikel, uniq_prince_ribbit1,
          uniq_joseph
D:9:      layout_roguey, okawaru_trees_1, tso_altar, tgw_kikubaaqudgha,
          dpeg_lair_monsters
D:10:     layout_loops_cross, serial_shops, nicolae_lakefront_shop,
          minmay_misc_feat_four_crosses
D:11:     layout_big_octagon, portal_ice_cave_rime, due_unseen_surprise
IceCv:    ice_cave_statue_garden_transporter

Skill      XL: |  1  2  3  4  5  6  7  8  9 10 11 |
---------------+----------------------------------+-----
Stealth        | 1 2 |  2.0
Fighting       | 3 4 6 8 |  8.0
Dodging        | 3 4 6 |  6.0
Polearms       | 2 4 6 7 |  7.6
Spellcasting   | 4 6 |  6.0
Summonings     | 4 |  4.0
Evocations     | 2 5 |  5.0
Armour         | 2 5 |  5.0
Necromancy     | 6 |  6.0
Short Blades   | |  2.6
Throwing       | |  1.7

Action                   |  1- 3 |  4- 6 |  7- 9 | 10-12 || total
-------------------------+-------+-------+-------+-------++-------
Melee: Rapier            |   113 |   124 |       |       ||   237
       Halberd           |       |     9 |   207 |       ||   216
       Kick              |       |       |    34 |    33 ||    67
       Peck              |       |       |    28 |    21 ||    49
       Glaive            |       |       |    56 |   101 ||   157
Throw: Throwing net      |       |     3 |       |       ||     3
       Javelin           |       |     1 |       |       ||     1
 Cast: Call Canine Famil |       |       |     6 |     5 ||    11
       Animate Dead      |       |       |       |     2 ||     2
  Use: Scroll            |     3 |       |     9 |     7 ||    19
       Potion            |       |       |     2 |     1 ||     3
 Stab: Sleeping          |     6 |     4 |     9 |     3 ||    22
       Held in net/web   |       |     1 |       |       ||     1
       Distracted        |       |     1 |     2 |     2 ||     5
Armor: Leather armour    |    41 |    34 |    27 |       ||   102
       Steam dragon scal |       |       |     6 |    36 ||    42
Dodge: Dodged            |    71 |   100 |   126 |    69 ||   366
Block: Other             |       |       |    36 |    27 ||    63
       Reflection        |       |       |     1 |     1 ||     2

Table legend: (Time is in decaauts)
 A = Elapsed time spent in this place.
 B = Non-inter-level travel time spent in this place.
 C = Inter-level travel time spent in this place.
 D = Time resting spent in this place.
 E = Time spent auto-exploring this place.
 F = Levels seen in this place.
 G = Mean time per level.
                   A        B        C        D        E       F      G
               +--------+--------+--------+--------+--------+-----+--------+
         Total |   9193 |   8971 |    222 |   1648 |   5639 |  12 |  766.1 |
       Dungeon |   8699 |   8477 |    222 |   1648 |   5365 |  10 |  869.9 |
         Sewer |    479 |    479 |      0 |      0 |    274 |   1 |  479.0 |
      Ice Cave |     14 |     14 |      0 |      0 |      0 |   1 |   14.0 |
               +--------+--------+--------+--------+--------+-----+--------+

Top non-repeatable levels by time:
     D:9: 1662 daAuts
     D:3: 1267 daAuts
     D:6: 1203 daAuts
     D:5: 1077 daAuts
    D:10: 1053 daAuts
     D:1: 968 daAuts
     D:2: 675 daAuts
     D:4: 565 daAuts
   Sewer: 479 daAuts
    D:11: 157 daAuts
     D:7: 69 daAuts
   IceCv: 14 daAuts
